 Dungeon Crawl Stone Soup version 0.29.1-13-g9f3cf754e1 (webtiles) character file.

Game seed: 8378063583773151207

213 smeethan the Trooper (level 5, -2/48 HPs)
             Began as a Minotaur Fighter on Jan 21, 2023.
             Was an Initiate of Okawaru.
             Slain by a troll (10 damage)
             ... on level 4 of the Dungeon.
             The game lasted 00:28:18 (2768 turns).

smeethan the Trooper (Minotaur Fighter)             Turns: 2768, Time: 00:28:18

Health: -2/48      AC:  7    Str: 23    XL:     5   Next: 59%
Magic:  4/4        EV:  9    Int:  5    God:    Okawaru [......]
Gold:   131        SH:  4    Dex:  9    Spells: 4/4 levels left

rFire   . . .      SeeInvis .   h - +2 short sword (drain)
rCold   . . .      Faith    .   c - +0 buckler
rNeg    . . .      Spirit   .   b - +0 scale mail
rPois   .          Reflect  .   (helmet restricted)
rElec   .          Harm     .   (no cloak)
rCorr   .          Rampage  .   (no gloves)
Will    .....                   (no boots)
Stlth   ..........              (no amulet)
HPRegen 0.16/turn               (no ring)
MPRegen 0.09/turn               (no ring)

@: no status effects
A: horns 2, retaliatory headbutt
a: Renounce Religion


You were on level 4 of the Dungeon.
You worshipped Okawaru.
Okawaru was noncommittal.
You visited 1 branch of the dungeon, and saw 4 of its levels.

You collected 131 gold pieces.

Inventory:

Hand Weapons
 a - a +0 war axe
 e - a +0 dagger
 h - a +2 short sword of draining (weapon)
Missiles
 j - 8 boomerangs (quivered)
Armour
 b - a +0 scale mail (worn)
 c - a +0 buckler (worn)
 g - a +0 robe
Magical Staves
 d - a staff of death
Jewellery
 p - an amulet of the acrobat
Wands
 q - a wand of polymorph (4)
 t - a wand of iceblast (6)
 u - a wand of mindburst (11)
Scrolls
 f - a scroll of identify
 i - 2 scrolls of blinking
 k - 5 scrolls of amnesia
 l - a scroll of noise {unknown}
 m - 2 scrolls of enchant armour {unknown}
 v - a scroll of fear {unknown}
Potions
 n - a potion of degeneration {unknown}
 o - 2 potions of mutation {unknown}
 s - a potion of cancellation {unknown}


   Skills:
 + Level 5.1 Fighting
 - Level 0.9 Short Blades
 + Level 3.5 Axes
 + Level 0.6 Throwing
 + Level 5.1 Armour
 - Level 0.5 Dodging
 - Level 0.1 Stealth
 + Level 4.5 Shields


You had 4 spell levels left.
You didn't know any spells.
Your spell library contained the following spells:

 Spells                   Type           Power      Damage    Failure   Level
 Beastly Appendage        Tmut           0%         N/A       86%         1
 Wereblood                Tmut           0%         N/A       94%         2
 Spider Form              Tmut/Pois      0%         N/A       99%         3


Dungeon Overview and Level Annotations

Branches:
Dungeon (4/15)
 Temple: D:4-7

Altars:
Ashenzari
Okawaru
Wu Jian


Innate Abilities, Weirdness & Mutations

You have a pair of horns on your head.
You reflexively headbutt those who attack you in melee.


Message History

The black bear is lightly wounded.
The black bear bites you. The black bear claws you.
The black bear barely misses you.
As you read the scroll labelled ZUXTA GADUILIH, it crumbles to dust.
It is a scroll of amnesia.
You feel forgetful for a moment. The black bear bites you.
You block the black bear's attack.
The black bear claws you but does no damage.
You are too injured to fight recklessly!
You feel better.
The black bear bites you but does no damage.
The black bear claws you.
The black bear claws you but does no damage.
Aiming: Mindburst
Press: ? - help, Q - select action, (/) - cycle Shift-Dir - straight line, f - black bear
Aim: a black bear (lightly wounded, chance to affect: 64%)
The black bear's mind is blasted!
The black bear closely misses you. x2; The black bear claws you.
Aiming: Iceblast
Press: ? - help, Q - select action, (/) - cycle Shift-Dir - straight line, p - black bear That beam is likely to hit you.
Continue anyway?
Okay, then.
Aiming: Polymorph
Press: ? - help, Q - select action, (/) - cycle Shift-Dir - straight line, f - black bear
Aim: a black bear (heavily wounded, will become an ice beast, a troll, or a swamp drake, chance to affect: 49%)
The black bear evaporates and reforms as a troll!
The troll bites you. You block the troll's attack.
The troll claws you but does no damage.
Aiming: Mindburst
Press: ? - help, Q - select action, (/) - cycle Shift-Dir - straight line, f/p - troll
Aim: a troll (chance to affect: 64%)
The troll's mind is blasted!!
The troll bites you! The troll claws you.
* * * LOW HITPOINT WARNING * * *
The troll claws you.
* * * LOW HITPOINT WARNING * * *
You hit the troll but do no damage.
The troll is heavily wounded.
The troll closely misses you. The troll claws you!
You die...

........#...###..
.#<....###....#.#
# ##.#####
##.#.#.#.# .#.#
#.#.#...# .#.#
#.#..#### .
..##.# ##
.###.######### #.
#.........# #.
###@......# ..
#†T....<#
........#
##.......#
........#
.......$#
#.......#
.........


You could see a troll.

Vanquished Creatures
  A hound (D:4)
  An iguana (D:4)
  Jessica (D:3)
  Ijyb (D:3)
  5 adders
  A worm (D:2)
  2 dart slugs
  An orc (D:3)
  3 bats (D:1)
  7 endoplasms
  6 goblins
  5 hobgoblins
  6 jackals (D:1)
  A quokka (D:4)
  7 ball pythons
  5 frilled lizards
  4 kobolds
  3 rats (D:2)
60 creatures vanquished.

Notes
Turn   | Place    | Note
-------+----------+-------------------------------------------
     0 | D:1      | smeethan the Minotaur Fighter began the quest for the Orb.
     0 | D:1      | Reached XP level 1. HP: 19/19 MP: 0/0
   148 | D:1      | Reached XP level 2. HP: 27/27 MP: 1/1
   685 | D:1      | Reached XP level 3. HP: 32/33 MP: 2/2
  1404 | D:3      | Reached XP level 4. HP: 41/41 MP: 3/3
  1455 | D:3      | Noticed Ijyb
  1469 | D:3      | Killed Ijyb
  1668 | D:3      | Found an iron altar of Okawaru.
  1672 | D:3      | Became a worshipper of Warmaster Okawaru
  1995 | D:3      | Noticed Jessica
  2000 | D:3      | Killed Jessica
  2256 | D:3      | Found an ornate altar of the Wu Jian Council.
  2256 | D:3      | Found a broken altar of Ashenzari.
  2293 | D:3      | Reached XP level 5. HP: 47/47 MP: 4/4
  2518 | D:4      | Reached skill level 5 in Fighting
  2518 | D:4      | Reached skill level 5 in Armour
  2753 | D:4      | Noticed a black bear
  2766 | D:4      | Noticed a troll
  2766 | D:4      | a black bear changed into a troll
  2768 | D:4      | Slain by a troll

Illustrated notes

Levels and vault maps discovered:
D:1:      matt_arrival_spirals, layout_loops_corners,
          nicolae_concentric_dashed_squares_mild
D:2:      minmay_razor_zed, layout_rooms, hangedman_decor_clover_reticule
D:3:      layout_loops_corners, mainiacjoe_overflow_brackets,
          nicolae_overflow_two_pavilions, uniq_ijyb, uniq_jessica
D:4:      layout_rooms, old_standard_altar, minmay_temple_entry_water_ring,
          lightli_sewer_entry_pipes, ebering_ghost_gozag

Skill      XL: |  1  2  3  4  5 |
---------------+----------------+-----
Armour         | 4 5 |  5.1
Fighting       | 4 5 |  5.1
Shields        | 4 |  4.5
Axes           | 3 |  3.5
Short Blades   | |  0.9
Throwing       | |  0.6
Dodging        | |  0.5
Stealth        | |  0.1

Action                   |  1- 3 |  4- 6 || total
-------------------------+-------+-------++-------
Melee: War axe           |    39 |       ||    39
       Headbutt          |     7 |     7 ||    14
       Short sword       |    33 |    55 ||    88
Evoke: Wand              |       |     3 ||     3
  Use: Potion            |     4 |     1 ||     5
       Scroll            |     1 |     1 ||     2
Armor: Scale mail        |    33 |    32 ||    65
Dodge: Dodged            |    34 |    22 ||    56
Block: Buckler           |    14 |    10 ||    24
